 Dungeon Crawl Stone Soup version 0.31-a0-626-g8143ab4f1d (webtiles) character file.

Game seed: 12629096181186545387

3136 mandarbmax the Slicer (level 10, 0/61 HPs)
             Began as a Kobold Gladiator on Aug 24, 2023.
             Was a Follower of Wu Jian.
             Killed by the air
             ... invoked by Gastronok
              (27 damage)
             ... on level 8 of the Dungeon.
             The game lasted 00:09:47 (7129 turns).

mandarbmax the Slicer (Kobold Gladiator)            Turns: 7129, Time: 00:09:47

Health: 0/61       AC: 17    Str: 11    XL:     10   Next: 14%
Magic:  10/10      EV: 18    Int: 11    God:    Wu Jian [*.....]
Gold:   237        SH:  0    Dex: 20    Spells: 9/9 levels left

rFire   . . .        a - +2 rapier (flame)
rCold   . . .        (no shield)
rNeg    . . .        y - +0 acid dragon scales
rPois   .            c - +2 helmet
rElec   .            f - +0 cloak
rCorr   +            s - +1 pair of gloves
SInv    .            x - +0 pair of boots
Will    .....        (no amulet)
Stlth   ++++         j - +4 ring of protection
HPRegen 0.30/turn    (no ring)
MPRegen 0.12/turn

%: no passive effects
@: mighty, slowed, very slow
A: small, no large weapons, nightstalker 3
a: Renounce Religion


You were on level 8 of the Dungeon.
You worshipped Wu Jian.
Wu Jian was aware of your devotion.
You visited 2 branches of the dungeon, and saw 9 of its levels.

You collected 342 gold pieces.
You spent 105 gold pieces at shops.

Inventory:

Hand Weapons
 a - a +2 rapier of flaming (weapon)
Missiles
 d - 4 throwing nets (quivered)
 e - 6 boomerangs
 o - 18 poisoned darts
Armour
 c - a +2 helmet (worn)
 f - a +0 cloak (worn)
 s - a +1 pair of gloves (worn)
 x - a +0 pair of boots (worn)
 y - +0 acid dragon scales (worn)
Jewellery
 j - a +4 ring of protection (left hand)
Wands
 p - a wand of iceblast (10)
 v - a wand of acid (5)
Scrolls
 b - a scroll of summoning {unknown}
 g - a scroll of silence
 h - a scroll of immolation
 m - a scroll of revelation {unknown}
 n - a scroll of fog {unknown}
 r - 2 scrolls of brand weapon
 t - a scroll of poison
 w - a scroll of amnesia {unknown}
 A - a scroll of fear {unknown}
Potions
 i - a potion of resistance
 k - a potion of lignification
 l - a potion of might
 q - 2 potions of heal wounds {unknown}
 u - a potion of brilliance {unknown}
 z - a potion of cancellation {unknown}
 B - a potion of invisibility {unknown}


   Skills:
 + Level 6.4 Fighting
 + Level 13.9 Short Blades
 - Level 2.1 Throwing
 + Level 7.6 Dodging
 - Level 5.0 Stealth


You had 9 spell levels left.
You didn't know any spells.
Your spell library contained the following spells:

 Spells                   Type           Power      Damage    Failure   Level
 Apportation              Tloc           0%         N/A       50%         1
 Freeze                   Ice            0%         1d3       50%         1
 Magic Dart               Conj           0%         1d3       50%         1
 Necrotise                Necr           0%         1d4       50%         1
 Summon Small Mammal      Summ           0%         N/A       50%         1
 Call Imp                 Summ           0%         N/A       63%         2
 Cigotuvi's Dreadful Rot  Necr/Pois/Air  0%         N/A       63%         2
 Call Canine Familiar     Summ           0%         N/A       86%         3
 Dazzling Flash           Conj/Hex       0%         N/A       86%         3
 Frozen Ramparts          Ice            0%         1d1       86%         3
 Hailstorm                Conj/Ice       0%         3d3       86%         3
 Ignite Poison            Fire/Tmut/Pois 0%         N/A       86%         3
 Mephitic Cloud           Conj/Pois/Air  0%         N/A       86%         3
 Portal Projectile        Hex/Tloc       0%         N/A       86%         3
 Leda's Liquefaction      Hex/Erth       0%         N/A       99%         4
 Agony                    Necr           0%         N/A       100%        5
 Alistair's Intoxication  Tmut/Pois      0%         N/A       100%        5
 Freezing Cloud           Conj/Ice/Air   0%         6-21      100%        5
 Silence                  Hex/Air        0%         N/A       100%        5


Dungeon Overview and Level Annotations

Branches:
Dungeon (8/15)             Temple (1/1) D:7            Lair (0/5) D:8

Altars:
Cheibriados
Dithmenos
Elyvilon
Fedhas
Hepliaklqana
Kikubaaqudgha
Makhleb
Nemelex Xobeh
Okawaru
Qazlal
Trog
Uskayaw
Vehumet
Wu Jian
Xom
Yredelemnul
Zin

Shops:
D:4 *

Annotations:
D:8 Gastronok


Innate Abilities, Weirdness & Mutations

You are small and have problems with some larger weapons.
You are completely attuned to the shadows.


Message History

You are too injured to fight recklessly!
You are too injured to fight recklessly!
You are too injured to fight recklessly!
You are too injured to fight recklessly!
You are too injured to fight recklessly!
You are too injured to fight recklessly!
You are too injured to fight recklessly!
You are too injured to fight recklessly!
You are too injured to fight recklessly!
You are too injured to fight recklessly!
You are too injured to fight recklessly!
You are too injured to fight recklessly!
You are too injured to fight recklessly!
You are too injured to fight recklessly!
You are too injured to fight recklessly!
You are too injured to fight recklessly!
You are too injured to fight recklessly!
You are too injured to fight recklessly!
You are too injured to fight recklessly!
Unknown command.
You puncture Gastronok! You burn Gastronok.
Gastronok is moderately wounded.
You hit Gastronok but do no damage.
Gastronok is moderately wounded.
You hit Gastronok. You burn Gastronok.
Gastronok is moderately wounded.
You hit Gastronok. You burn Gastronok.
Gastronok is moderately wounded.
You puncture Gastronok! You burn Gastronok.
Gastronok is moderately wounded.
Gastronok gurgles, "I'll eat you, I will!"
Gastronok casts a spell at you.
You feel yourself slow down.
You feel very mighty all of a sudden.
You hit Gastronok. You burn Gastronok.
Gastronok is heavily wounded.
Gastronok waves his eye-stalks in wide circles.
The air twists around and strikes you!!
You die...
Gastronok gurgles, "Let's see if you taste as good as that wizard did."

####.##.#.#.##
.............#
#.......#....#
#.#.P...###..#
#.#.._.......#
# #.......#..#
#.#.......#..#
#............#
#...@.....##.#
#...w.....##.#
#[........##.#
#).).........#
##.###<#######
#.# #.# ## #.#
#.# .. #.# #.#
## ##.###.#


You could see Gastronok.

Vanquished Creatures
  Joseph (D:7)
  3 steam dragons
  An acid dragon (D:7)
  A water moccasin (D:7)
  A sky beast (D:6)
  A black bear (D:5)
  2 ice beasts
  2 ogres
  A centaur (D:6)
  A phantom (D:5)
  2 bullfrogs
  A gnoll sergeant (D:8)
  3 scorpions
  5 wights (D:7)
  2 howler monkeys
  A hound (D:7)
  A gnoll bouda (D:8)
  3 orc priests
  A jelly (D:5)
  A sleepcap (D:5)
  6 orc wizards
  Natasha (thrice) (D:2)
  14 gnolls
  8 adders
  A white imp (D:5)
  An ufetubus (D:5)
  4 worms
  4 dart slugs
  31 orcs
  A bat zombie (D:3)
  9 endoplasms
  5 giant cockroaches
  8 goblins
  5 hobgoblins
  3 jackals (D:5)
  7 quokkas
  4 ball pythons
  7 bats
  4 frilled lizards
  6 kobolds
  10 rats
  A rat zombie (D:3)
176 creatures vanquished.

Notes
Turn   | Place    | Note
-------+----------+-------------------------------------------
     0 | D:1      | mandarbmax the Kobold Gladiator began the quest for the
                  | Orb.
     0 | D:1      | Reached XP level 1. HP: 12/12 MP: 1/1
   181 | D:1      | Reached XP level 2. HP: 17/17 MP: 2/2
   379 | D:1      | Reached skill level 5 in Short Blades
   397 | D:1      | Reached XP level 3. HP: 21/21 MP: 3/3
   990 | D:2      | Reached XP level 4. HP: 26/26 MP: 4/4
   994 | D:2      | Noticed Natasha
   998 | D:2      | Killed Natasha
   999 | D:2      | Reached skill level 6 in Short Blades
  1251 | D:2      | Noticed Natasha
  1255 | D:2      | Killed Natasha
  1256 | D:2      | Reached skill level 7 in Short Blades
  1256 | D:2      | Reached XP level 5. HP: 18/30 MP: 5/5
  1625 | D:2      | Noticed Natasha
  1633 | D:2      | Killed Natasha
  2056 | D:3      | Reached skill level 8 in Short Blades
  2056 | D:3      | Reached XP level 6. HP: 20/35 MP: 6/6
  2524 | D:3      | Found an ancient bone altar of Kikubaaqudgha.
  2751 | D:3      | Reached skill level 9 in Short Blades
  3145 | D:4      | Found Eruf's General Store.
  3150 | D:4      | Bought a scroll of enchant weapon for 105 gold pieces
  3470 | D:4      | Reached skill level 1 in Stealth
  3690 | D:4      | Found a burning altar of Makhleb.
  3828 | D:5      | Entered Level 5 of the Dungeon
  3853 | D:5      | Reached XP level 7. HP: 40/40 MP: 7/7
  4286 | D:5      | Reached skill level 10 in Short Blades
  4331 | D:5      | Reached skill level 5 in Stealth
  4331 | D:5      | Reached XP level 8. HP: 44/44 MP: 8/8
  4473 | D:5      | Reached skill level 11 in Short Blades
  4691 | D:6      | Found a stormy altar of Qazlal.
  4759 | D:6      | Found a shimmering altar of Xom.
  5106 | D:6      | Reached skill level 12 in Short Blades
  5525 | D:6      | Found a sparkling altar of Nemelex Xobeh.
  5668 | D:7      | Reached XP level 9. HP: 51/51 MP: 9/9
  5679 | D:7      | Reached skill level 5 in Dodging
  5816 | D:7      | Found a staircase to the Ecumenical Temple.
  5840 | Temple   | Entered the Ecumenical Temple
  5855 | Temple   | Became a worshipper of the Wu Jian Council
  6051 | D:7      | Reached skill level 13 in Short Blades
  6081 | D:7      | Noticed Joseph
  6107 | D:7      | Killed Joseph
  6108 | D:7      | Reached skill level 5 in Fighting
  6442 | D:7      | Reached XP level 10. HP: 60/60 MP: 10/10
  6658 | D:8      | Found a staircase to the Lair.
  6954 | D:8      | Reached * piety under Wu Jian
  7008 | D:8      | Found a basalt altar of Yredelemnul.
  7115 | D:8      | Noticed Gastronok
  7129 | D:8      | Killed from afar by Gastronok

Illustrated notes

Levels and vault maps discovered:
D:1:      lightli_arrival_quake, layout_loops_corners
D:2:      layout_basic, uniq_natasha
D:3:      layout_loops_ring, lemuel_zombie_altar_kikubaaqudgha, st_stairs_11
D:4:      layout_gridville, general_overflow_altar, serial_shops, shop
D:5:      layout_basic
D:6:      layout_loops_ring, nicolae_overflow_crystal_walls,
          mainiacjoe_overflow_tiny_flanked, nemelex_diamond_rough_becter
D:7:      layout_loops_ring, minmay_temple_entry_antechambers, uniq_joseph
D:8:      layout_loops_ring, yredelemnul_altar_generic,
          nicolae_gozag_zags_fifth_avenue, lair_entry_dummy, uniq_gastronok
Temple:   hellmonk_temple_of_storms

Skill      XL: |  1  2  3  4  5  6  7  8  9 10 |
---------------+-------------------------------+-----
Dodging        | 4 7 |  7.6
Short Blades   | 5 7 8 9 10 12 13 | 13.9
Stealth        | 2 5 |  5.0
Fighting       | 3 5 6 |  6.4
Throwing       | |  2.1

Action                     |  1- 3 |  4- 6 |  7- 9 | 10-12 || total
---------------------------+-------+-------+-------+-------++-------
  Melee: Rapier            |    69 |   242 |   235 |    57 ||   603
         Punch             |       |     4 |     3 |       ||     7
Ability: Lunge             |       |       |    11 |     1 ||    12
    Use: Scroll            |       |    10 |     4 |       ||    14
         Potion            |       |       |       |     1 ||     1
   Stab: Sleeping          |    21 |    19 |    13 |       ||    53
         Distracted        |       |       |     2 |       ||     2
 Armour: Leather armour    |    14 |    51 |    55 |       ||   120
         Acid dragon scale |       |       |    11 |     7 ||    18
  Dodge: Dodged            |    30 |   151 |   104 |    17 ||   302

Table legend: (Time is in decaauts)
 A = Elapsed time spent in this place.
 B = Non-inter-level travel time spent in this place.
 C = Inter-level travel time spent in this place.
 D = Time resting spent in this place.
 E = Time spent auto-exploring this place.
 F = Levels seen in this place.
 G = Mean time per level.
                   A        B        C        D        E       F      G
               +--------+--------+--------+--------+--------+-----+--------+
         Total |   6971 |   6806 |    165 |      0 |   5721 |   9 |  774.6 |
       Dungeon |   6941 |   6805 |    136 |      0 |   5721 |   8 |  867.6 |
        Temple |     30 |      1 |     29 |      0 |      0 |   1 |   30.0 |
               +--------+--------+--------+--------+--------+-----+--------+

Top non-repeatable levels by time:
     D:3: 1027 daAuts
     D:2: 985 daAuts
     D:6: 958 daAuts
     D:1: 915 daAuts
     D:7: 892 daAuts
     D:4: 847 daAuts
     D:5: 832 daAuts
     D:8: 480 daAuts
  Temple: 30 daAuts
